AoeStats
← 苏坊

Arena

510594920Analyzed
1v1 RM · 11h ago on Oct 1, 2026· 37m 49s· 2 players
Game mode
Random Map
Map size
Tiny (2 player)
Population
200
Speed
Normal
Resources
Standard
Victory
Conquest
Starting age
Dark Age
Ending age
Imperial Age
RankedLock teamsTeams togetherTeam positionsShared explorationLock speedFull tech treeHidden civsTurbo modeCheats
Victory
Defeat
🇵🇪 Turks · Peru
811
+17
🇨🇳 Turks · China
836
-17
Jamil El Grande
7:25 Loom
12:12 Feudal Age
12:53 Double-Bit Axe
13:02 Gold Mining
19:07 Castle Age
27:26 Imperial Age
25:58 Wheelbarrow
苏坊
10:32 Feudal Age
15:01 Castle Age
14:00 Double-Bit Axe
25:44 Horse Collar
27:15 Wheelbarrow
27:08 Gold Mining
28:52 Hand Cart
28:25 Loom
32:03 Imperial Age
29:49 Hand Cart
30:00 Scale Barding Armor
30:06 Forging
31:30 Chain Barding Armor
31:32 Husbandry
31:50 Bloodlines
32:32 Iron Casting
32:22 Ballistics
32:16 Fortified Wall
33:42 Plate Barding Armor
34:03 Conscription
34:21 Artillery
35:36 Blast Furnace
35:27 Cavalier
36:37 Bow Saw
36:20 Heavy Camel Rider
Connection lost

Rejoining the realm…

Still unreachable

The connection could not be restored.

Session expired

The server has moved on; the page needs a fresh start.